 Dungeon Crawl Stone Soup version 0.19.5 (webtiles) character file.

175 Gargoyl the Skirmisher (level 5, -9/46 HPs)
             Began as a Ghoul Abyssal Knight on May 3, 2017.
             Was a Believer of Lugonu.
             Mangled by an ogre
             ... wielding a +0 giant spiked club
              (18 damage)
             ... on level 4 of the Dungeon.
             The game lasted 00:05:03 (2489 turns).

Gargoyl the Skirmisher (Ghoul Abyssal Knight)       Turns: 2489, Time: 00:05:03

Health: -9/46      AC:  8    Str: 16    XL:     5   Next: 55%
Magic:  6/6        EV: 11    Int:  7    God:    Lugonu [**....]
Gold:   183        SH:  0    Dex:  9    Spells: 0 memorised, 4 levels left

rFire  . . .     SeeInvis .     a - +1 hand axe
rCold  + . .     Gourm    .     l - +0 ring mail (curse)
rNeg   + + +     Faith    .     (no shield)
rPois  ∞         Spirit   .     (no helmet)
rElec  .         Reflect  .     p - +2 cloak
rCorr  .         Harm     .     (no gloves)
MR     +....                    (no boots)
Stlth  ..........               (no amulet)
                                (no ring)
                                d - ring of protection from magic

@: flying, rotting
A: rotting body, claws 1, carnivore 3, cold resistance 1, negative energy
resistance 3, slow regeneration 1, torment resistance, unbreathing
a: Depart the Abyss, Bend Space, Renounce Religion


You were on level 4 of the Dungeon.
You worshipped Lugonu.
Lugonu was pleased with you.
You were not hungry.

You visited 1 branch of the dungeon, and saw 4 of its levels.
You visited the Abyss 1 time.

You collected 183 gold pieces.

Inventory:

Hand Weapons
 a - a +1 hand axe (weapon)
Armour
 l - a cursed +0 ring mail (worn)
 p - a +2 cloak (worn)
Jewellery
 d - a ring of protection from magic (left claw)
Wands
 q - a wand of flame (3/48)
Scrolls
 b - a scroll of fog
 e - 4 scrolls of identify
 h - 6 scrolls of remove curse
 o - a scroll of amnesia {unknown}
Potions
 f - 2 potions of berserk rage
 k - a potion of magic
Comestibles
 c - 4 meat rations
 i - a slice of pizza
 j - 2 beef jerkies
 m - a chunk of flesh


   Skills:
 + Level 4.2 Fighting
 + Level 2.8 Axes
 * Level 3.0 Armour
 + Level 1.7 Dodging
 * Level 2.9 Invocations


You had 4 spell levels left.
You didn't know any spells.

Dungeon Overview and Level Annotations

Branches:
Dungeon (4/15)
 Temple: D:4-7

Altars:
Makhleb
Nemelex Xobeh


Innate Abilities, Weirdness & Mutations

Your body is rotting away.
You thrive on raw meat.
You are immune to poison.
You have sharp fingernails.
You are carnivorous and can eat meat at any time.
Your flesh is cold resistant. (rC+)
You are immune to negative energy. (rN+++)
You regenerate slowly when monsters are visible.
You are immune to unholy pain and torment.
You can survive without breathing.


Message History

You butcher the leopard gecko corpse.
The ogre barely misses you.
You butcher the giant cockroach corpse.
The ogre hits you but does no damage.
Things that are here:
a chunk of flesh; 2 chunks of flesh You barely miss the ogre.
The ogre is lightly wounded.
The ogre barely misses you.
You hit the ogre.
The ogre is moderately wounded.
The ogre barely misses you.
You barely miss the ogre.
The ogre is moderately wounded.
You hit the ogre.
The ogre is heavily wounded.
The ogre hits you with a giant spiked club!!
* * * LOW HITPOINT WARNING * * *
You hit the ogre.
The ogre is severely wounded.
The ogre hits you with a giant spiked club!!
You die...

######.#...^.......#
..........>.....###.#
.######.#..####.###.###
#.#..# #.##....#
#.#..####.##..#.#
#.#....<#.#...#.#
#.#.#####.#..## #
#.#.......#..#
#.#@#######..#
#.#O####.....#
#......#.##.###
###.##.#......# #.#
####.#.# #.# #.<#.#.#
#.# #.(.>#.# #.#
######.# #.# .#


You could see an ogre.

Vanquished Creatures
  A hound (D:2)
  Ijyb (D:2)
  Jessica (D:2)
  3 adders
  2 worms (D:2)
  3 dart slugs
  2 leopard geckos
  An orc (D:3)
  2 giant cockroaches
  5 goblins
  8 hobgoblins
  2 quokkas
  2 ball pythons (D:3)
  5 bats
  5 frilled lizards
  7 kobolds
  4 rats
54 creatures vanquished.

Notes
Turn   | Place    | Note
-------+----------+-------------------------------------------
     0 | Abyss:1  | Gargoyl the Ghoul Abyssal Knight began the quest for the Orb.
     0 | Abyss:1  | Reached XP level 1. HP: 19/19 MP: 1/1
    34 | Abyss:1  | Found a corrupted altar of Lugonu.
   107 | Abyss:1  | Noticed a smoke demon
   133 | Abyss:1  | Noticed a chaos spawn
   144 | D:1      | Escaped the Abyss
   396 | D:1      | Reached XP level 2. HP: 26/26 MP: 2/2
   580 | D:1      | Reached skill level 1 in Dodging
   854 | D:1      | Reached skill level 4 in Fighting
   893 | D:1      | Reached XP level 3. HP: 23/33 MP: 3/3
   947 | D:2      | Reached * piety under Lugonu
  1144 | D:2      | Noticed Ijyb
  1190 | D:2      | Killed Ijyb
  1190 | D:2      | Reached XP level 4. HP: 13/40 MP: 4/4
  1401 | D:2      | Found a faded altar of an unknown god.
  1657 | D:3      | Noticed Jessica
  1694 | D:2      | Killed Jessica
  1832 | D:2      | Reached XP level 5. HP: 37/46 MP: 4/6
  1973 | D:3      | Found a burning altar of Makhleb.
  2246 | D:3      | Reached ** piety under Lugonu
  2288 | D:3      | Found a sparkling altar of Nemelex Xobeh.
  2472 | D:4      | Noticed an ogre
  2489 | D:4      | Mangled by an ogre

Skill      XL: |  1  2  3  4  5 |
---------------+----------------+-----
Armour         | 2 3 |  3.0
Dodging        | 1 |  1.7
Axes           | 2 |  2.8
Fighting       | 4 |  4.2
Invocations    | |  2.9

Action                   |  1- 3 |  4- 6 || total
-------------------------+-------+-------++-------
Melee: Hand axe          |   132 |   148 ||   280
Invok: Depart the Abyss  |     1 |       ||     1
  Use: Scroll            |     2 |     2 ||     4
       Potion            |       |     4 ||     4
  Eat: Chunk             |    19 |    12 ||    31
Armor: Leather armour    |    46 |     3 ||    49
       Ring mail         |       |    75 ||    75
Dodge: Dodged            |    83 |   128 ||   211
